 Dungeon Crawl Stone Soup version 0.14.0-7-g2801ba0 (webtiles) character file.

5378 keeper the Fighter (level 10, -9/90 HPs)
             Began as a Black Draconian Fighter on Apr 12, 2014.
             Was a Believer of the Shining One.
             Mangled by a spiny frog (25 damage)
             ... on Level 1 of the Lair of Beasts.
             The game lasted 00:14:42 (7470 turns).

keeper the Fighter (Black Draconian Fighter)        Turns: 7470, Time: 00:14:42

HP  -9/90        AC 12     Str 18      XL: 10   Next: 28%
MP  10/10        EV 14     Int 12      God: the Shining One [**....]
Gold 429         SH 22     Dex 11      Spells:  0 memorised,  9 levels left

rFire  . . .     SeeInvis .     A - +2,+0 trident (pierce)
rCold  + . .     Clarity  .     (armour unavailable)
rNeg   + . .     Conserve .     c - +0 shield
rPois  +         rCorr    +     (helmet restricted)
rElec  +         rRot     .     n - +2 cloak {rPois}
SustAb . .       Spirit   .     b - +0 pair of gloves
rMut   .         Warding  .     d - +0 pair of boots
Saprov . . .     Stasis   .     r - amulet of resist corrosion
MR     .....                    v - ring of protection from cold
                                t - ring of sustenance

@: lethally poisoned, glowing, not resistant to hostile enchantments, very
unstealthy
A: breathe lightning, unfitting armour, electricity resistance, AC +7
a: Breathe Lightning, Divine Shield, Renounce Religion


You were on level 1 of the Lair of Beasts.
You worshipped the Shining One.
The Shining One was pleased with you.
You were hungry.

You visited 3 branches of the dungeon, and saw 11 of its levels.

You collected 429 gold pieces.


Innate Abilities, Weirdness & Mutations

You can breathe wild blasts of lightning.
Your glossy black scales are hard (AC +7).
Your body does not fit into most forms of armour.
Your cold-blooded metabolism reacts poorly to cold.
You are resistant to electric shocks.


   Skills:
 + Level 8.9 Fighting
 + Level 8.0 Polearms
 + Level 7.5 Dodging
 + Level 8.2 Shields


You had 9 spell levels left.
You didn't know any spells.

Inventory:

Hand weapons
 A - a +2,+0 trident of piercing (weapon)
Missiles
 a - 4 javelins (quivered)
Armour
 b - a +0 pair of gloves (worn)
 c - a +0 shield (worn)
 d - a +0 pair of boots (worn)
 n - a +2 cloak of poison resistance (worn)
Comestibles
 f - 8 bread rations
Scrolls
 g - a scroll of random uselessness
 k - 3 scrolls of teleportation
 B - a scroll of magic mapping
Jewellery
 j - a +2 ring of dexterity {unknown}
 r - an amulet of resist corrosion (around neck)
 t - a ring of sustenance (left hand)
 v - a ring of protection from cold (right hand)
 w - a cursed ring of protection from magic {unknown}
 D - a cursed ring of ice {unknown}
Potions
 e - a potion of curing
 s - a potion of restore abilities

Dungeon Overview and Level Annotations

Branches:
Dungeon (8/15)             Temple (1/1) D:5            Lair (2/8) D:8

Altars:
Ashenzari
Cheibriados
Elyvilon
Fedhas
Kikubaaqudgha
Makhleb
Nemelex Xobeh
Sif Muna
Trog
Vehumet
Xom
Yredelemnul
Zin
The Shining One

Shops:
D:4

( ▒▒▒▒▒▒▒▒▒ ·········▒
▒▒▒ ▒▒▒ ·········▒▒▒·▒
▒▒▒▒·▒
·············▒▒▒···▒▒
···········F··▒▒····▒▒
▒·▒▒▒▒%%d▒··▒▒▒····▒
▒%▒▒▒··▒▒▒···▒▒▒▒
▒···▒··P▒▒···▒▒·▒▒▒▒
▒▒▒·▒····'···'······
▒·▒··▒▒▒···▒▒▒▒▒▒▒
▒▒·▒··▒▒▒···▒
▒▒▒▒▒▒··▒·▒·▒▒▒▒·▒
··········>·····▒▒▒
▒▒▒▒▒·▒▒··▒▒▒▒·▒▒▒▒▒▒▒▒▒


You could see a spiny frog.


Message History

The blink frog is heavily wounded.
You block the blink frog's attack. x2
You block the blink frog's attack.
The blink frog blinks!
The blink frog closely misses you. You block the blink frog's attack.
The blink frog blinks!
You block the blink frog's attack.
You have got your breath back.
You block the blink frog's attack.
The blink frog blinks!
The blink frog closely misses you.
The blink frog blinks!
The blink frog blinks!
You block the blink frog's attack.
The blink frog blinks!
You block the blink frog's attack. You block the blink frog's attack.
The spiny frog stings you.
* * * LOW HITPOINT WARNING * * *
The blink frog closely misses you.
The blink frog blinks!
The spiny frog barely misses you.
The blink frog blinks!
The spiny frog closely misses you. The spiny frog stings you!
* * * LOW HITPOINT WARNING * * *
You are poisoned.
The spiny frog poisons you!
You feel sick.
You feel sick.
You feel sick.
You feel sick.
The blink frog blinks!
You feel sick.
You feel sick. The spiny frog stings you!
You die...

Action                   |  1- 3 |  4- 6 |  7- 9 | 10-12 || total
-------------------------+-------+-------+-------+-------++-------
Melee: Trident           |   169 |   222 |   488 |    50 ||   929
Throw: Tomahawk          |       |       |     4 |       ||     4
 Abil: Breathe Lightning |       |       |     8 |     4 ||    12
Evoke: Wand              |       |     3 |     1 |       ||     4
  Use: Scroll            |       |    13 |     8 |     1 ||    22
       Potion            |       |     8 |     3 |     1 ||    12
 Stab: Sleeping          |     1 |       |       |       ||     1
       Betrayed ally     |       |     1 |       |       ||     1

Vault maps used:
D:1:      minmay_arrival_checkered_box
D:3:      lemuel_doored_altar
D:4:      lemuel_round_altar, kennysheep_little_box, serial_shops,
          kennysheep_mini_moat
D:5:      minmay_temple_entry_statues_fountains, first_bread,
          minmay_misc_feat_four_crosses, uniq_iyjb
D:6:      supply_closet_lemuel
D:7:      kennysheep_orc_sif_temple, lemuel_round_altar
D:8:      minmay_lair_entry_lava, grunt_ogre_cave, st_stairs_9
Temple:   bh_familiar_temple
Lair:2:   special_room, patterned_corridor, uniq_harold

Notes
Turn   | Place    | Note
--------------------------------------------------------------
     0 | D:1      | keeper, the Draconian Fighter, began the quest for the Orb.
     0 | D:1      | Reached XP level 1. HP: 19/19 MP: 1/1
   249 | D:1      | Reached XP level 2. HP: 21/26 MP: 2/2
   670 | D:2      | Reached XP level 3. HP: 13/31 MP: 3/3
   837 | D:2      | Reached skill level 3 in Dodging
  1421 | D:3      | Reached XP level 4. HP: 36/40 MP: 4/4
  1447 | D:3      | Found a basalt altar of Yredelemnul.
  1490 | D:3      | Reached skill level 3 in Polearms
  1668 | D:3      | Reached skill level 4 in Fighting
  2327 | D:4      | Found Straizu's Antique Weapon Shoppe.
  2354 | D:4      | Reached XP level 5. HP: 18/46 MP: 5/5
  2520 | D:4      | Noticed a phantom
  2558 | D:4      | Found a deep blue altar of Sif Muna.
  2593 | D:4      | Killed a phantom
  2593 | D:4      | Reached skill level 4 in Shields
  2922 | D:4      | Found an ancient bone altar of Kikubaaqudgha.
  3057 | D:5      | Entered Level 5 of the Dungeon
  3057 | D:5      | Noticed Ijyb
  3079 | D:5      | Killed Ijyb
  3079 | D:5      | Reached XP level 6. HP: 33/53 MP: 6/6
  3486 | D:5      | Reached skill level 4 in Polearms
  3486 | D:5      | Reached skill level 4 in Dodging
  3495 | D:5      | Noticed an ogre
  3522 | D:5      | Killed an ogre
  3531 | D:5      | Found a staircase to the Ecumenical Temple.
  3542 | Temple   | Entered the Ecumenical Temple
  3720 | D:5      | Your scales start taking on a glossy black colour.
  3720 | D:5      | Gained mutation: You are resistant to electric shocks. [draconian maturity]
  3720 | D:5      | Reached XP level 7. HP: 37/60 MP: 7/7
  3782 | Temple   | Became a worshipper of the Shining One
  3992 | D:5      | Identified a scroll of acquirement
  4071 | D:5      | Noticed a phantom
  4088 | D:5      | Killed a phantom
  4088 | D:5      | Reached skill level 5 in Fighting
  4351 | D:6      | Reached skill level 5 in Shields
  4791 | D:6      | Reached skill level 5 in Polearms
  4936 | D:6      | Paralysed by a giant eyeball for 2 turns
  5050 | D:6      | Acquired the Shining One's first power
  5207 | D:7      | Reached skill level 5 in Dodging
  5207 | D:7      | Reached XP level 8. HP: 54/69 MP: 8/8
  5225 | D:7      | Noticed tap556's ghost (experienced HaAs)
  5272 | D:7      | Killed tap556's ghost
  5272 | D:7      | Reached skill level 6 in Fighting
  5272 | D:7      | Reached skill level 6 in Polearms
  5272 | D:7      | Reached skill level 6 in Shields
  5577 | D:7      | Found a bloodstained altar of Trog.
  5747 | D:7      | Reached skill level 6 in Dodging
  5837 | D:7      | Reached skill level 7 in Fighting
  5837 | D:7      | Reached XP level 9. HP: 76/79 MP: 9/9
  5871 | D:7      | Found a deep blue altar of Sif Muna.
  6400 | D:8      | Reached skill level 7 in Shields
  6452 | D:8      | Reached skill level 7 in Polearms
  6503 | D:8      | Found a staircase to the Lair.
  6507 | D:8      | Noticed a fire drake
  6514 | D:8      | Killed a fire drake
  6514 | D:8      | Reached skill level 8 in Fighting
  6772 | Lair:1   | Entered Level 1 of the Lair of Beasts
  6874 | Lair:1   | Reached skill level 7 in Dodging
  6940 | Lair:1   | Reached XP level 10. HP: 25/90 MP: 10/10
  7349 | Lair:1   | Reached skill level 8 in Shields
  7404 | Lair:1   | Noticed a spiny frog
  7404 | Lair:1   | Acquired the Shining One's second power
  7415 | Lair:1   | Reached skill level 8 in Polearms
  7470 | Lair:1   | Mangled by a spiny frog

Vanquished Creatures
  The ghost of tap556 the Nimble, an experienced HaAs of Dithmenos (D:7)
  A fire drake (D:8)
  2 blink frogs (Lair:1)
  A komodo dragon (Lair:1)
  A hippogriff (Lair:1)
  5 yaks (Lair:1)
  An orc warrior (D:7)
  A black bear (D:7)
  4 ogres
  An ice beast (D:8)
  2 sky beasts
  2 phantoms
  A centaur (D:8)
  A giant slug (Lair:1)
  9 giant frogs
  4 scorpions
  A yak zombie (D:7)
  A goliath beetle (D:8)
  A crimson imp (D:8)
  A quasit (D:8)
  A jelly (D:7)
  A hound (D:8)
  7 orc wizards
  4 worker ants
  3 iguanas
  Ijyb (D:5)
  A mummy (D:7)
  7 adders
  A steam dragon zombie (D:7)
  2 orc zombies
  A worm zombie (D:5)
  A shadow imp (D:5)
  A gnoll (D:6)
  3 worms
  An orc skeleton (D:4)
  A giant eyeball (D:6)
  6 giant geckos
  5 orcs
  12 bats
  A bat zombie (D:6)
  8 goblins
  6 hobgoblins
  14 jackals
  7 kobolds
  5 quokkas
  A ball python (D:4)
  2 giant cockroaches (D:3)
  A giant gecko zombie (D:6)
  5 giant newts
  11 rats
  A rat zombie (D:6)
162 creatures vanquished.

Vanquished Creatures (others)
  A gnoll sergeant (D:6)
  4 wights (D:6)
  3 gnolls (D:6)
8 creatures vanquished.

Grand Total: 170 creatures vanquished
